 Dungeon Crawl Stone Soup version 0.31-a0-931-g7b59d4eb97 (webtiles) character file.

Game seed: 2268444032422871520

2956 LadyBoffin the Cleaver (level 10, 0/80 HPs)
             Began as a Formicid Fighter on Oct 20, 2023.
             Slain by a killer bee (7 damage)
             ... on level 7 of the Dungeon.
             The game lasted 00:29:11 (6652 turns).

LadyBoffin the Cleaver (Formicid Fighter)           Turns: 6652, Time: 00:29:13

Health: 0/80       AC: 12    Str: 22    XL:     10   Next: 8%
Magic:  10/10      EV:  9    Int: 11    God:
Gold:   297        SH:  0    Dex: 19    Spells: 9/9 levels left

rFire   + . .        a - +0 war axe
rCold   + . .        c - +0 buckler
rNeg    + . .        b - +1 scale mail
rPois   +            (helmet unavailable)
rElec   .            p - scarf {rC+ rF+}
rCorr   .            (no gloves)
SInv    +            (no boots)
Will    +....        (no amulet) Stlth
                     y - ring of Untruth {rN+ Dex+6}
HPRegen 0.33/turn    v - +4 ring of protection
MPRegen 0.12/turn

%: no passive effects
@: confused, ambrosia-drunk
A: permanent stasis, dig shafts and tunnels, antennae 3, four strong arms,
poison resistance
a: Dig, Shaft Self


You were on level 7 of the Dungeon.
You visited 1 branch of the dungeon, and saw 7 of its levels.

You collected 297 gold pieces.

Inventory:

Hand Weapons
 a - a +0 war axe (weapon)
 i - a +0 mace of holy wrath
Missiles
 o - 2 throwing nets
Armour
 b - a +1 scale mail (worn)
 c - a +0 buckler (worn)
 p - a scarf of resistance (worn)
Jewellery
 g - a ring of poison resistance
 j - a ring of protection from fire
 l - a ring of magical power
 q - a ring of protection from fire
 v - a +4 ring of protection (right hand)
 y - the ring of Untruth (left hand) {rN+ Dex+6}
   (You found it on level 6 of the Dungeon)

   [ring of dexterity]

   Dex+6:     It affects your dexterity (+6).
   rN+:       It protects you from negative energy.
 z - a +4 ring of slaying
Wands
 d - a wand of flame (19)
Scrolls
 e - 3 scrolls of teleportation
 h - 3 scrolls of amnesia
 n - a scroll of poison
 r - a scroll of immolation
 u - a scroll of butterflies {unknown}
 C - a scroll of acquirement {unknown}
Potions
 f - 2 potions of curing
 k - 5 potions of enlightenment
 s - a potion of haste {unknown}
 x - a potion of degeneration {unknown}
 A - a potion of mutation
 B - a potion of attraction {unknown}


   Skills:
 * Level 8.1 Fighting
 + Level 8.6 Axes
 + Level 6.9 Armour
 + Level 0.2 Stealth
 + Level 6.6 Shields
 * Level 3.8 Evocations


You had 9 spell levels left.
You didn't know any spells.
Your spell library contained the following spells:

 Spells                   Type           Power      Damage    Failure   Level
 Apportation              Tloc           0%         N/A       69%         1
 Necrotise                Necr           0%         1d4       69%         1
 Summon Small Mammal      Summ           0%         N/A       69%         1


Dungeon Overview and Level Annotations

Branches:
Dungeon (7/15)
 Temple: D:4-7

Altars:
Fedhas
Gozag
Xom


Innate Abilities, Weirdness & Mutations

You cannot be hasted, slowed, berserked, paralysed or teleported.
You can dig through walls and to a lower floor.
You have a pair of large antennae on your head. (SInv)
Your four strong arms can wield two-handed weapons with a shield.
Your system is resistant to poisons. (rPois)


Message History

The gnoll hits you from afar with a +0 halberd!
The killer bee stings you but does no damage.
The killer bee completely misses you. You block the killer bee's attack.
As you read the scroll labelled CANKESTUGE, it crumbles to dust.
It is a scroll of enchant armour.
Your +0 scale mail glows green for a moment.
The killer bee stings you but does no damage.
The killer bee stings you.
You are poisoned.
The killer bee poisons you! The killer bee stings you.
* * * LOW HITPOINT WARNING * * *
The killer bee stings you but does no damage.
The gnoll hits you but does no damage.
The gnoll hits you from afar with a +0 halberd.
* * * LOW HITPOINT WARNING * * *
You block the water moccasin's attack. You block the killer bee's attack.
The killer bee stings you but does no damage. x3
You feel better. The killer bee closely misses you. The killer bee stings you!
* * * LOW HITPOINT WARNING * * *
The killer bee stings you but does no damage.
The killer bee barely misses you.
The gnoll hits you from afar with a +0 halberd.
* * * LOW HITPOINT WARNING * * *
You block the gnoll's attack. You block the water moccasin's attack.
The killer bee closely misses you. The killer bee barely misses you. x2
You block the killer bee's attack.
It was a potion of ambrosia.
You are confused.
You feel invigorated.
The killer bee stings you but does no damage. x3
The killer bee barely misses you. The water moccasin barely misses you.
The gnoll hits you but does no damage.
The gnoll hits you from afar with a +0 halberd.
* * * LOW HITPOINT WARNING * * *
The killer bee stings you.
* * * LOW HITPOINT WARNING * * *
The killer bee barely misses you. The killer bee stings you.
* * * LOW HITPOINT WARNING * * *
The killer bee stings you!
You die...

#......+
###......#######
...[............#
.................#
....
.................#
....
..........y.g.....
...#
.........yyy.....#
.....
.........y@g......
.....
.........S.......#
.....
......>...........
....#
.................#
#....
.................#
##.#..
.................#
......
.................#
.....
.................#
.....
.................
#+#.#


You could see a water moccasin (inner flame), 5 killer bees and 2 gnolls.

Vanquished Creatures
  Grinder (D:5)
  Sigmund (D:4)
  Eustachio (D:6)
  Menkaure (D:5)
  Duvessa (D:7)
  A water moccasin (D:7)
  An ice beast (D:7)
  A sky beast (D:6)
  2 black bears (D:7)
  2 centaurs (D:5)
  A kobold brigand (D:4)
  A scorpion (D:7)
  Dowan (D:7)
  6 killer bees (D:7)
  6 howler monkeys
  3 hounds
  5 jellies
  An orc priest (D:5)
  A gnoll bouda (D:7)
  An iguana (D:4)
  3 orc wizards
  13 adders
  25 gnolls
  A shadow imp (D:6)
  A white imp (D:7)
  2 ufetubi (D:7)
  3 worms
  A dart slug (D:3)
  28 orcs
  5 bats
  6 endoplasms
  4 giant cockroaches
  15 goblins
  8 hobgoblins
  14 jackals (D:4)
  6 quokkas
  7 ball pythons
  5 frilled lizards
  8 kobolds
  10 rats
203 creatures vanquished.

Notes
Turn   | Place    | Note
-------+----------+-------------------------------------------
     0 | D:1      | LadyBoffin the Formicid Fighter began the quest for the
                  | Orb.
     0 | D:1      | Reached XP level 1. HP: 18/18 MP: 1/1
    45 | D:1      | Reached XP level 2. HP: 24/24 MP: 2/2
   263 | D:1      | Reached XP level 3. HP: 28/29 MP: 3/3
   283 | D:1      | Found a faded altar of an unknown god.
   721 | D:2      | Reached XP level 4. HP: 23/36 MP: 4/4
  1136 | D:2      | Reached XP level 5. HP: 33/42 MP: 5/5
  1799 | D:3      | Found an opulent altar of Gozag.
  2549 | D:4      | Reached XP level 6. HP: 43/48 MP: 6/6
  2666 | D:4      | Reached skill level 5 in Shields
  2781 | D:4      | Identified the +0 falchion "Jenyxt" {drain, Int+3}
  2813 | D:4      | Reached skill level 5 in Axes
  2813 | D:4      | Reached XP level 7. HP: 22/55 MP: 7/7
  2945 | D:4      | Reached skill level 5 in Fighting
  2962 | D:4      | Noticed Sigmund
  2972 | D:4      | Killed Sigmund
  3056 | D:4      | Found a shimmering altar of Xom.
  3133 | D:4      | Reached skill level 5 in Armour
  3133 | D:4      | Reached XP level 8. HP: 55/63 MP: 8/8
  4052 | D:5      | Entered Level 5 of the Dungeon
  4099 | D:5      | Gained mutation: Your system is resistant to poisons.
                  | (rPois) [potion of mutation]
  4542 | D:5      | Noticed Menkaure
  4546 | D:5      | Killed Menkaure
  4564 | D:5      | Reached skill level 1 in Evocations
  4609 | D:5      | Noticed Grinder
  4624 | D:5      | Killed Grinder
  4625 | D:5      | Reached XP level 9. HP: 69/71 MP: 9/9
  4785 | D:5      | Noticed a kobold demonologist
  4789 | D:5      | Noticed a kobold demonologist
  4789 | D:5      | Noticed a kobold demonologist
  4827 | D:6      | Identified the ring of Untruth {rN+ Dex+6}
  4849 | D:6      | Noticed Eustachio
  4878 | D:6      | Killed Eustachio
  5007 | D:6      | Found a blossoming altar of Fedhas.
  5689 | D:7      | Noticed Duvessa
  5690 | D:7      | Noticed Dowan
  5704 | D:7      | Killed Duvessa
  5707 | D:7      | Killed Dowan
  6326 | D:7      | Reached XP level 10. HP: 75/80 MP: 10/10
  6652 | D:7      | Slain by a killer bee

Illustrated notes

Levels and vault maps discovered:
D:1:      onia_arrival_handbag, layout_loops_ring, basic_ecumenical_altar,
          hangedman_feature_mirror
D:2:      layout_basic
D:3:      layout_basic, lemuel_round_altar, corexii_corridor_pit,
          chequers_serial_rivers_room_b
D:4:      lemuel_castle_with_subvaults [lemuel_castle_interior_carwin_2],
          layout_rooms, kennysheep_mini_moat, uniq_sigmund
D:5:      layout_loops_ring, chequers_temple_overflow_minitemple,
          minmay_temple_entry_trees, uniq_grinder, uniq_menkaure, uniq_ijyb
D:6:      corexii_shack_village, layout_cave_pools,
          mainiacjoe_overflow_alcove_2, serial_rivers,
          chequers_serial_rivers_room_b, chequers_serial_rivers_micro_b,
          chequers_serial_rivers_small_3, chequers_serial_rivers_large_b,
          minmay_misc_feat_tiny, uniq_eustachio
D:7:      layout_basic, nicolae_houndstooth_variations, uniq_duvessa

Skill      XL: |  1  2  3  4  5  6  7  8  9 |
---------------+----------------------------+-----
Axes           | 3 4 5 6 7 8 |  8.6
Fighting       | 4 5 6 8 |  8.1
Armour         | 4 5 6 |  6.9
Shields        | 5 6 |  6.6
Evocations     | 1 3 |  3.8
Stealth        | |  0.2

Action                     |  1- 3 |  4- 6 |  7- 9 | 10-12 || total
---------------------------+-------+-------+-------+-------++-------
  Melee: War axe           |    98 |   214 |   371 |    32 ||   715
  Evoke: Wand              |       |       |    15 |       ||    15
    Use: Scroll            |       |     1 |     4 |     3 ||     8
         Potion            |       |     1 |     5 |     2 ||     8
 Armour: Scale mail        |    71 |   148 |   362 |    46 ||   627
  Dodge: Dodged            |    65 |   110 |   192 |    28 ||   395
  Block: Buckler           |    34 |    68 |   131 |    13 ||   246

Table legend: (Time is in decaauts)
 A = Elapsed time spent in this place.
 B = Non-inter-level travel time spent in this place.
 C = Inter-level travel time spent in this place.
 D = Time resting spent in this place.
 E = Time spent auto-exploring this place.
 F = Levels seen in this place.
 G = Mean time per level.
                   A        B        C        D        E       F      G
               +--------+--------+--------+--------+--------+-----+--------+
         Total |   6873 |   6560 |    313 |   1406 |   2903 |   7 |  981.9 |
       Dungeon |   6873 |   6560 |    313 |   1406 |   2903 |   7 |  981.9 |
               +--------+--------+--------+--------+--------+-----+--------+

Top non-repeatable levels by time:
     D:4: 1836 daAuts
     D:2: 1012 daAuts
     D:7: 987 daAuts
     D:6: 926 daAuts
     D:3: 756 daAuts
     D:1: 743 daAuts
     D:5: 610 daAuts
